 Dungeon Crawl Stone Soup version 0.21-a0-143-g1ab7d47 (webtiles) character file.

414 AverageBear the Ducker (level 6, 0/37 HPs)
             Began as a Deep Elf Fighter on July 25, 2017.
             Slain by a gnoll (6 damage)
             ... on level 4 of the Dungeon.
             The game lasted 00:03:34 (3122 turns).

AverageBear the Ducker (Deep Elf Fighter)           Turns: 3122, Time: 00:03:34

Health: 0/37       AC:  8    Str: 15    XL:     6   Next: 60%
Magic:  8/8        EV:  9    Int: 13    God:
Gold:   166        SH:  8    Dex: 12    Spells: 5/5 levels left

rFire    . . .     SeeInvis .   a - +0 long sword
rCold    + . .     Gourm    .   c - +0 shield
rNeg     . . .     Faith    .   b - +0 scale mail
rPois    .         Spirit   .   (helmet restricted)
rElec    +         Reflect  .   (no cloak)
rCorr    .         Harm     .   i - +0 pair of gloves
MR       .....                  (no boots)
Stlth    ..........             (no amulet)
HPRegen  0.12/turn              n - ring of protection from cold
MPRegen  0.11/turn              o - -2 ring of dexterity (curse)

@: no status effects
A: horns 1, rugged brown scales 1, electricity resistance
a: no special abilities


You were on level 4 of the Dungeon.
You were hungry.

You visited 1 branch of the dungeon, and saw 4 of its levels.

You collected 166 gold pieces.

Inventory:

Hand Weapons
 a - a +0 long sword (weapon)
 k - a +2 short sword of protection
Missiles
 m - 8 poisoned javelins (quivered)
Armour
 b - a +0 scale mail (worn)
 c - a +0 shield (worn)
 i - a +0 pair of gloves (worn)
Jewellery
 n - a ring of protection from cold (left hand)
 o - a cursed -2 ring of dexterity (right hand)
 u - a +1 ring of evasion {unknown}
Scrolls
 h - a scroll of noise
 j - 3 scrolls of teleportation
 l - 4 scrolls of remove curse
 q - a scroll of recharging
Potions
 d - a potion of invisibility {unknown}
 e - a potion of berserk rage {unknown}
 g - a potion of heal wounds {unknown}
 r - 2 potions of curing {unknown}
Comestibles
 f - 2 bread rations
 p - 4 chunks of flesh
 s - a royal jelly
 t - a meat ration


   Skills:
 - Level 2.4 Fighting
 - Level 4.1 Long Blades
 - Level 2.4 Armour
 + Level 6.3 Dodging
 - Level 2.4 Shields


You had 5 spell levels left.
You didn't know any spells.

Dungeon Overview and Level Annotations

Branches:
Dungeon (4/15)
 Temple: D:4-7

Altars:
Hepliaklqana


Innate Abilities, Weirdness & Mutations

You have a pair of small horns on your head.
You are partially covered in rugged brown scales. (AC +1, +3% HP)
You are resistant to electric shocks. (rElec)


Message History

The gnoll hits you but does no damage.
You are feeling hungry.
You hit the worker ant but do no damage.
You headbutt the worker ant, but do no damage.
The worker ant bites you. You block the gnoll's attack.
The gnoll hits you but does no damage. The worker ant bites you.
The gnoll hits you from afar with a spear.
You closely miss the worker ant. The gnoll hits you but does no damage.
The worker ant bites you.
* * * LOW HITPOINT WARNING * * *
You block the gnoll's attack. The gnoll hits you but does no damage.
The worker ant bites you but does no damage.
You closely miss the worker ant. Your headbutt misses the worker ant.
The gnoll hits you from afar with a spear.
* * * LOW HITPOINT WARNING * * *
You block the worker ant's attack. The gnoll barely misses you.
Your shield prevents you from hitting the worker ant.
The gnoll closely misses you. The worker ant barely misses you.
The gnoll hits you.
You die...

.................####......#####
.....####....##...........##
.)........###...#####.<.###
........<.....### #....#
###.########### ####.#..# ....#
#....#### ##### #.####
########†# #.....g@.# .#....a###
.....g. .8..... ....... .#..%..
....... .......


You could see a worker ant and 2 gnolls.

Vanquished Creatures
  The ghost of mythresam the Changer, an amateur DrTm (D:3)
  An orc priest (D:4)
  An iguana (D:4)
  5 gnolls
  2 adders
  3 oozes
  A worm (D:2)
  4 dart slugs
  2 leopard geckos
  4 orcs
  A ball python (D:4)
  A giant cockroach (D:1)
  9 goblins
  9 hobgoblins
  4 jackals (D:2)
  2 quokkas (D:2)
  4 bats (D:2)
  7 frilled lizards
  6 kobolds
  6 rats
73 creatures vanquished.

Notes
Turn   | Place    | Note
-------+----------+-------------------------------------------
     0 | D:1      | AverageBear the Deep Elf Fighter began the quest for the Orb.
     0 | D:1      | Reached XP level 1. HP: 13/13 MP: 3/3
   266 | D:1      | Reached XP level 2. HP: 18/18 MP: 4/4
   438 | D:1      | Reached XP level 3. HP: 11/22 MP: 5/5
  1311 | D:2      | Gained mutation: You have a pair of small horns on your head. [potion of mutation]
  1311 | D:2      | Gained mutation: You are resistant to electric shocks. (rElec) [potion of mutation]
  1311 | D:2      | Gained mutation: You are partially covered in rugged brown scales. (AC +1, +3% HP) [potion of mutation]
  1683 | D:2      | Reached XP level 4. HP: 15/27 MP: 6/6
  2214 | D:3      | Noticed mythresam's ghost (amateur DrTm)
  2230 | D:3      | Killed mythresam's ghost
  2230 | D:3      | Reached skill level 5 in Dodging
  2230 | D:3      | Reached XP level 5. HP: 21/31 MP: 7/7
  2230 | D:3      | Reached XP level 6. HP: 25/37 MP: 8/8
  2401 | D:3      | Found a hazy altar of Hepliaklqana.
  3013 | D:4      | Reached skill level 6 in Dodging
  3122 | D:4      | Slain by a gnoll

Vault maps used:
D:1:      scummos_arrival_checkerplants, kennysheep_crisscross
D:2:      patterned_corridor
D:3:      overflow_temple_1_default
D:4:      minmay_temple_entry_statues_pillars

Skill      XL: |  1  2  3  4  5  6 |
---------------+-------------------+-----
Long Blades    | 2 3 4 |  4.1
Dodging        | 5 6 |  6.3
Fighting       | |  2.4
Armour         | |  2.4
Shields        | |  2.4

Action                   |  1- 3 |  4- 6 || total
-------------------------+-------+-------++-------
Melee: Long sword        |   162 |    91 ||   253
       Headbutt          |     1 |    16 ||    17
       Short sword       |       |    11 ||    11
  Use: Scroll            |     4 |     1 ||     5
       Potion            |     1 |     2 ||     3
  Eat: Chunk             |     2 |       ||     2
       Meat ration       |       |     1 ||     1
Armor: Scale mail        |    89 |    38 ||   127
Dodge: Dodged            |    47 |    42 ||    89
Block: Shield            |    87 |    62 ||   149
       Rpst.: Long sword |    12 |    14 ||    26
